 Dungeon Crawl Stone Soup version 0.25.1-2-g60ff931df9 (webtiles) character file.

Game seed: 7999405175472042336

34 Forgol the Poker (level 3, 0/34 HPs)
             Began as a Naga Monk on Sept 9, 2020.
             Slain by an adder (1 damage)
             ... on level 1 of the Dungeon.
             The game lasted 00:02:42 (1739 turns).

Forgol the Poker (Naga Monk)                        Turns: 1739, Time: 00:02:42

Health: 0/34       AC:  2    Str: 14    XL:     3   Next: 31%
Magic:  3/3        EV: 10    Int: 10    God:
Gold:   101        SH:  0    Dex: 13    Spells: 2/2 levels left

rFire    . . .     SeeInvis +   a - +1 spear
rCold    . . .     Gourm    .   (no shield)
rNeg     . . .     Faith    .   b - +0 robe
rPois    +         Spirit   .   (no helmet)
rElec    .         Reflect  .   (no cloak)
rCorr    .         Harm     .   (no gloves)
MR       .....                  (no barding)
Stlth    ++........             (no amulet)
HPRegen  0.11/turn              (no ring)
MPRegen  0.08/turn              (no ring)

@: very slow
A: large, see invisible, deformed body, poison resistance, slowness 2, slow
metabolism 1, spit poison 1, AC +1
a: Spit Poison


You were on level 1 of the Dungeon.
You were not hungry.

You visited 1 branch of the dungeon, and saw 2 of its levels.

You collected 101 gold pieces.

Inventory:

Hand Weapons
 a - a +1 spear (weapon)
Armour
 b - a +0 robe (worn)
Scrolls
 d - a scroll of immolation {unknown}
 g - a scroll of remove curse
Potions
 e - a potion of berserk rage {unknown}
 h - a potion of curing {unknown}
Comestibles
 c - 2 rations


   Skills:
 - Level 3.0 Fighting
 + Level 4.3 Polearms
 - Level 2.4 Dodging
 - Level 3.0 Stealth


You had 2 spell levels left.
You didn't know any spells.
Your spell library was empty.

Dungeon Overview and Level Annotations

Branches:
Dungeon (2/15)

Altars:

Annotations:
D:1 Jessica


Innate Abilities, Weirdness & Mutations

You cannot wear boots.
Your serpentine skin is tough. (AC +1)
You have supernaturally acute eyesight. (SInv)
Armour fits poorly on your strangely shaped body.
Your system is resistant to poisons. (rPois)
You cover ground very slowly.
You have a slow metabolism.
You can spit poison.


Message History

* * * LOW HITPOINT WARNING * * *
Jessica hits you.
* * * LOW HITPOINT WARNING * * *
The adder bites you.
* * * LOW HITPOINT WARNING * * *
The rat barely misses you.
You climb upwards.
There is a stone staircase leading down here.
Okay, then.
Okay, then.
You hit the adder but do no damage.
The adder is moderately wounded.
Jessica gestures wildly while chanting.
Jessica blinks!
The adder bites you.
* * * LOW HITPOINT WARNING * * *
Unknown command.
You closely miss the adder.
The adder is moderately wounded.
The adder bites you.
You die...

#....##.#....#.# #..#
#....##......#.# #.##
#######....###....##.# #.#
)............#.......# #.#
#######....#.##..#######.###
..#...#....#.##..#.........#
#.#.###>...#.#(.().........#
#.#.# #....#.###§#.........#
#...# #....#...S@###########
##### #........### ##
#.######.# .# #.# #)# .# #(#
#.# .######.######.#
.#≈≈≈≈♣.♣≈≈≈≈#.#
.#≈...♣.♣...≈#.#
.#≈.......♣.≈#.#


You could see an adder.

Vanquished Creatures
  A worm (D:2)
  A dart slug (D:2)
  6 goblins
  3 hobgoblins (D:1)
  3 jackals (D:1)
  4 bats (D:1)
  A frilled lizard (D:1)
  4 kobolds
  5 rats
28 creatures vanquished.

Vanquished Creatures (others)
  5 toadstools (D:1)
5 creatures vanquished.

Grand Total: 33 creatures vanquished

Notes
Turn   | Place    | Note
-------+----------+-------------------------------------------
     0 | D:1      | Forgol the Naga Monk began the quest for the Orb.
     0 | D:1      | Reached XP level 1. HP: 21/21 MP: 1/1
   177 | D:1      | Reached XP level 2. HP: 28/28 MP: 2/2
   625 | D:1      | Reached skill level 4 in Polearms
  1056 | D:1      | Reached XP level 3. HP: 18/34 MP: 3/3
  1669 | D:2      | Noticed Jessica
  1738 | D:1      | HP: 1/34 [adder (1)]
  1739 | D:1      | Slain by an adder

Illustrated notes

Levels and vault maps discovered:
D:1:      ldierk_walled_garden, layout_basic, dk_noncrumbling_3
D:2:      layout_rooms, lemuel_crystal_altar, overflow_temple_1_default,
          uniq_jessica

Skill      XL: |  1  2 |
---------------+-------+-----
Polearms       | 4 |  4.3
Fighting       | |  3.0
Dodging        | |  2.4
Stealth        | |  3.0

Action                   || total
-------------------------++-------
Melee: Spear             ||   105
 Abil: Spit Poison       ||     1
  Use: Scroll            ||     4
 Stab: Sleeping          ||     4
       Distracted        ||     1
  Eat: Chunk             ||     1
Armor: Robe              ||     7
Dodge: Dodged            ||    46
